 Dungeon Crawl Stone Soup version 0.22.1-1-ga44c0e5 (webtiles) character file.

6967 harcile the Carver (level 11, -11/94 HPs)
             Began as a Hill Orc Fighter on Oct 23, 2018.
             Was a Follower of the Shining One.
             Mangled by a large slime creature (23 damage)
             ... on level 9 of the Dungeon.
             The game lasted 00:30:26 (8000 turns).

harcile the Carver (Hill Orc Fighter)               Turns: 8000, Time: 00:30:27

Health: -11/94     AC: 20    Str: 21    XL:     11   Next: 7%
Magic:  11/11      EV:  8    Int:  8    God:    the Shining One [*.....]
Gold:   340        SH: 12    Dex: 12    Spells: 10/10 levels left

rFire    + + .     SeeInvis .   a - +0 long sword
rCold    . . .     Gourm    .   c - +0 shield
rNeg     . . .     Faith    .   n - +4 scale mail {rF+}
rPois    .         Spirit   .   o - +1 hat
rElec    .         Reflect  .   F - +1 cloak
rCorr    .         Harm     .   (no gloves)
MR       .....                  k - +0 pair of boots
Stlth    ..........             (no amulet)
HPRegen  0.25/turn              q - ring of protection from fire
MPRegen  0.12/turn              v - +4 ring of protection

@: glowing
A: no striking features
a: Renounce Religion


You were on level 9 of the Dungeon.
You worshipped the Shining One.
The Shining One was aware of your devotion.
You were near starving.

You visited 2 branches of the dungeon, and saw 10 of its levels.
You also visited: Sewer.

You collected 595 gold pieces.
You spent 255 gold pieces at shops.

Inventory:

Hand Weapons
 a - a +0 long sword (weapon)
 b - a +1 short sword of flaming
 x - a cursed -1 scythe
 E - a +2 battleaxe of chopping
 I - a +0 great sword
 J - a +2 shortbow of freezing
 R - a +2 flail of draining
Missiles
 L - 3 throwing nets (quivered)
Armour
 c - a +0 shield (worn)
 e - a +0 pair of boots
 j - a +0 helmet
 k - a +0 pair of boots (worn)
 n - a +4 scale mail of fire resistance (worn)
 o - a +1 hat (worn)
 A - a +0 crystal plate armour
 F - a +1 cloak (worn)
 H - a +0 leather armour of positive energy
 V - a +1 plate armour of fire resistance
Jewellery
 i - an uncursed ring of stealth
 q - a ring of protection from fire (left hand)
 r - an uncursed ring of ice
 v - a +4 ring of protection (right hand)
 B - an uncursed ring of wizardry
 S - an uncursed ring of magical power {unknown}
 T - an uncursed ring of fire {unknown}
 U - an uncursed ring of fire {unknown}
Wands
 d - a wand of digging (30)
 C - a wand of random effects (32)
 N - a wand of polymorph (15)
 P - a wand of acid (3)
Scrolls
 g - a scroll of immolation
 m - a scroll of enchant weapon
 p - 5 scrolls of remove curse
 u - 3 scrolls of teleportation
 y - a scroll of blinking
 z - 2 scrolls of amnesia
 D - a scroll of fear
 O - 6 scrolls of identify
Potions
 h - 6 potions of curing
 l - a potion of mutation
 s - 4 potions of flight
 t - 3 potions of ambrosia
 w - 2 potions of brilliance
 G - a potion of lignification
 K - a potion of degeneration {unknown}
 M - 2 potions of resistance
 Q - a potion of invisibility {unknown}
 X - a potion of heal wounds {unknown}
Comestibles
 f - 11 rations


   Skills:
 + Level 8.3 Fighting
 + Level 12.3 Long Blades
 + Level 7.7 Armour
 + Level 9.7 Shields


You had 10 spell levels left.
You didn't know any spells.
Your spell library contained the following spells:

 Spells                   Type           Power        Failure   Level  Hunger
 Animate Skeleton         Necr           N/A          91%         1    ##.....
 Apportation              Tloc           #.....       91%         1    ##.....
 Confusing Touch          Hex            #.....       91%         1    ##.....
 Sting                    Conj/Pois      #...         91%         1    ##.....
 Summon Butterflies       Summ           #.......     91%         1    ##.....
 Summon Small Mammal      Summ           #...         91%         1    ##.....
 Poisonous Vapours        Pois/Air       #.....       97%         2    ###....
 Lesser Beckoning         Tloc           #.........   99%         3    ####...
 Mephitic Cloud           Conj/Pois/Air  #.......     99%         3    ####...
 Static Discharge         Conj/Air       #.......     99%         3    ####...
 Tukima's Dance           Hex            #.......     99%         3    ####...
 Olgreb's Toxic Radiance  Pois           #.......     100%        4    #####..
 Alistair's Intoxication  Tmut/Pois      #.......     100%        5    ######.
 Lightning Bolt           Conj/Air       #.........   100%        5    ######.
 Venom Bolt               Conj/Pois      #.........   100%        5    ######.
 Invisibility             Hex            #.......     100%        6    #######
 Ignition                 Fire           #.........   100%        8    #######
 Shatter                  Erth           #.........   100%        9    #######
 Tornado                  Air            #.........   100%        9    #######


Dungeon Overview and Level Annotations

Branches:
Dungeon (9/15)             Temple (1/1) D:7            Lair (0/6) D:9
    Orc: D:9-12

Altars:
Ashenzari
Cheibriados
Dithmenos
Elyvilon
Fedhas
Gozag
Hepliaklqana
Kikubaaqudgha
Makhleb
Nemelex Xobeh
Okawaru
Qazlal
Ru
Sif Muna
Trog
Uskayaw
Vehumet
Wu Jian
Xom
Yredelemnul
Zin
The Shining One

Shops:
D:4 [


Message History

You slash the jelly!
You kill the jelly!
The slime creature hits you but does no damage.
The slime creature hits you!
Two slime creatures merge to form a large slime creature.
You slash the large slime creature!
The large slime creature is lightly wounded.
The large slime creature hits you!!
You slash the large slime creature!
The large slime creature is lightly wounded.
The large slime creature hits you!!
* * * LOW HITPOINT WARNING * * *
You slash the large slime creature!
The large slime creature is moderately wounded.
The large slime creature hits you!!
* * * LOW HITPOINT WARNING * * *
You are no longer corroded.
You are near starving!
The large slime creature hits you!!
You die...

#..# #..### #..# ##....#
#..# ##.....# #..###
#......# ##....###
##......# ........###
##.......# ..........###
#........#
............###J#.....##
............##..@....##
........................#
.........................
..............###########
..............#
..............#
.............##
............##
.............#


You could see a large slime creature.

Vanquished Creatures
  Harold (D:7)
  An elephant (D:9)
  3 slime creatures (D:9)
  Grinder (D:3)
  A hippogriff (D:7)
  Sigmund (D:3)
  A yak (D:9)
  3 water moccasins
  3 ice beasts
  A phantom (D:7)
  3 orc warriors
  4 ogres
  3 sky beasts
  2 eyes of draining
  4 centaurs
  3 crocodiles
  4 bullfrogs
  Blork the orc (D:6)
  A water moccasin zombie (D:7)
  2 scorpions
  3 wights
  6 killer bees (D:9)
  2 crimson imps
  A centaur zombie (D:9)
  3 hounds
  A quasit (D:9)
  4 jellies
  4 orc priests
  A bullfrog skeleton (D:4)
  7 orc wizards
  Jessica (D:3)
  Terence (D:2)
  6 iguanas
  Natasha (thrice) (D:3)
  8 worker ants
  A merfolk avatar (Sewer)
  2 merfolk sirens (Sewer)
  A hound zombie (D:8)
  3 gnolls (D:6)
  11 adders
  A river rat (Sewer)
  A shadow imp (D:8)
  An ooze (D:1)
  An adder skeleton (D:7)
  4 adder zombies
  3 worms
  A dart slug (D:1)
  9 leopard geckos
  17 orcs
  7 ball pythons
  13 giant cockroaches
  11 goblins
  4 hobgoblins
  3 jackals (D:6)
  10 kobolds
  10 quokkas
  4 bats
  9 frilled lizards
  A giant cockroach zombie (D:5)
  2 leopard gecko skeletons
  A leopard gecko zombie (D:5)
  A quokka skeleton (D:5)
  32 rats
258 creatures vanquished.

Vanquished Creatures (others)
  2 orc wizards (D:6)
2 creatures vanquished.

Grand Total: 260 creatures vanquished

Notes
Turn   | Place    | Note
-------+----------+-------------------------------------------
     0 | D:1      | harcile the Hill Orc Fighter began the quest for the Orb.
     0 | D:1      | Reached XP level 1. HP: 19/19 MP: 1/1
    53 | D:1      | Reached XP level 2. HP: 21/27 MP: 2/2
   298 | D:1      | Reached XP level 3. HP: 31/33 MP: 3/3
   713 | D:2      | Noticed Terence
   731 | D:2      | Killed Terence
   731 | D:2      | Reached skill level 3 in Long Blades
   731 | D:2      | Reached XP level 4. HP: 28/40 MP: 4/4
   866 | D:2      | Noticed a fire elemental
   868 | D:2      | Found a stormy altar of Qazlal.
   869 | D:2      | Noticed a water elemental
   869 | D:2      | Noticed an earth elemental
   869 | D:2      | Noticed an air elemental
  1231 | D:3      | Noticed Natasha
  1243 | D:3      | Killed Natasha
  1243 | D:3      | Reached XP level 5. HP: 46/46 MP: 5/5
  1394 | D:3      | Noticed Natasha
  1407 | D:3      | Killed Natasha
  1407 | D:3      | Reached skill level 4 in Long Blades
  1448 | D:3      | Found a glowing drain.
  1456 | Sewer    | Entered a sewer
  1714 | Sewer    | Reached XP level 6. HP: 32/53 MP: 6/6
  2257 | D:3      | Reached skill level 5 in Long Blades
  2257 | D:3      | Reached skill level 5 in Shields
  2465 | D:3      | Noticed Sigmund
  2467 | D:3      | Noticed Grinder
  2468 | D:3      | Noticed Jessica
  2477 | D:3      | Killed Sigmund
  2477 | D:3      | Reached XP level 7. HP: 43/60 MP: 7/7
  2486 | D:3      | Killed Grinder
  2486 | D:3      | Reached skill level 5 in Fighting
  2486 | D:3      | Reached skill level 6 in Long Blades
  2490 | D:3      | Killed Jessica
  2561 | D:3      | Noticed Natasha
  2573 | D:3      | Killed Natasha
  2845 | D:4      | Found a sparkling altar of Nemelex Xobeh.
  2967 | D:4      | Reached skill level 5 in Armour
  2967 | D:4      | Reached XP level 8. HP: 62/68 MP: 8/8
  3386 | D:4      | Reached skill level 7 in Long Blades
  3437 | D:4      | Found Diusol's Antique Armour Emporium.
  3485 | D:4      | Bought a glowing cloak for 255 gold pieces
  3525 | D:5      | Entered Level 5 of the Dungeon
  4153 | D:5      | Reached skill level 8 in Long Blades
  4421 | D:6      | Reached XP level 9. HP: 73/75 MP: 9/9
  4544 | D:6      | Noticed Blork the orc
  4563 | D:6      | Killed Blork the orc
  4698 | D:6      | Reached skill level 9 in Long Blades
  5375 | D:7      | Reached skill level 10 in Long Blades
  5388 | D:7      | Found a staircase to the Ecumenical Temple.
  5411 | Temple   | Entered the Ecumenical Temple
  5595 | Temple   | Became a worshipper of the Shining One
  5669 | D:7      | Noticed Harold
  5684 | D:7      | Killed Harold
  5684 | D:7      | Reached XP level 10. HP: 63/86 MP: 10/10
  5878 | D:7      | Reached skill level 11 in Long Blades
  6000 | D:7      | Found a bloodstained altar of Trog.
  6031 | D:7      | Found a radiant altar of Vehumet.
  6423 | D:8      | Found an opulent altar of Gozag.
  6442 | D:8      | Found an ancient bone altar of Kikubaaqudgha.
  6442 | D:8      | Found a shimmering altar of Xom.
  6464 | D:8      | Reached * piety under the Shining One
  7150 | D:9      | Found a staircase to the Lair.
  7150 | D:9      | Noticed an elephant
  7187 | D:9      | Killed an elephant
  7187 | D:9      | Reached skill level 12 in Long Blades
  7716 | D:9      | Reached XP level 11. HP: 84/94 MP: 11/11
  8000 | D:9      | Mangled by a large slime creature

Skill      XL: |  1  2  3  4  5  6  7  8  9 10 |
---------------+-------------------------------+-----
Fighting       | 4 5 7 8 |  8.3
Long Blades    | 3 4 5 6 8 10 12 | 12.3
Shields        | 4 5 6 7 8 9 |  9.7
Armour         | 4 5 6 7 |  7.7

Action                   |  1- 3 |  4- 6 |  7- 9 | 10-12 || total
-------------------------+-------+-------+-------+-------++-------
Melee: Long sword        |    89 |   283 |   504 |   367 ||  1243
       Unarmed           |       |       |     1 |       ||     1
  Use: Scroll            |       |     7 |     7 |     1 ||    15
       Potion            |       |     4 |       |       ||     4
  Eat: Chunk             |       |     6 |    11 |     7 ||    24
Armor: Scale mail        |    38 |   160 |   194 |   164 ||   556
       Skin              |       |    34 |     1 |       ||    35
Dodge: Dodged            |    26 |   121 |   130 |    72 ||   349
Block: Shield            |    50 |   191 |   224 |   174 ||   639
       Rpst.: Long sword |    10 |    36 |    44 |    19 ||   109
